[Event "*** SCC Grand Prix: Titled Tuesday Blitz"]
[Site "Chess.com"]
[Date "2020.06.23"]
[Round "7"]
[White "Korchmar_Vasiliy"]
[Black "Raja3401"]
[Result "0-1"]
[WhiteElo "2604"]
[BlackElo "2792"]
[TimeControl "180+1"]
[EndTime "11:16:38 PDT"]
[Termination "Raja3401 won on time"]

1. d4 Nf6 2. c4 e6 3. g3 d5 4. Bg2 Be7 5. Nf3 O-O 6. O-O dxc4 7. Ne5 Nc6 8. Bxc6 bxc6 9. Nxc6 Qe8 10. Nxe7+ Qxe7 11. Qc2 e5 12. dxe5 Qxe5 13. Bf4 Qh5 14. Nc3 Re8 15. Rad1 h6 16. f3 Bb7 17. e4 Rad8 18. Qf2 a6 19. Bxc7 Rd3 20. Rxd3 cxd3 21. Rd1 Rc8 22. Bd6 Nxe4 23. Nxe4 Bxe4 24. g4 Qd5 25.
fxe4 Qxd6 26. Rd2 Qe6 27. Qf3 Rc1+ 28. Kg2 Rc2 29. Qxd3 Qxg4+ 30. Kf2 Qf4+ 31. Ke1 Rxb2 0-1

[Event "*** SCC Grand Prix: Titled Tuesday Blitz"]
[Site "Chess.com"]
[Date "2020.06.23"]
[Round "7"]
[White "Tooweak2slow03"]
[Black "Diego_FloresQ"]
[Result "1/2-1/2"]
[WhiteElo "2657"]
[BlackElo "2495"]
[TimeControl "180+1"]
[EndTime "11:16:38 PDT"]
[Termination "Game drawn - insufficient material"]

1. e4 c5 2. Nf3 e6 3. d4 cxd4 4. Nxd4 Nf6 5. Nc3 d6 6. g4 h6 7. h4 Nc6 8. Rg1 d5 9. exd5 Nxd5 10. Nxd5 exd5 11. Be3 Qxh4 12. Qe2 Nxd4 13. Bxd4+ Qe7 14. Qxe7+ Bxe7 15. Bxg7 Rg8 16. Bxh6 Rxg4 17. Rxg4 Bxg4 18. Be2 Bxe2 19. Kxe2 Kd7 20. Kd3 Rg8 21. Be3 b6 22. c3 Bc5 23. Rh1 Rg6 24. Rh5 Ke6 25. Bxc5 bxc5 26.
Rh8 Rg1 27. Ra8 Rb1 28. b3 Rb2 29. Rxa7 Rxf2 30. a4 Rb2 31. Rb7 Rxb3 32. Rxb3 c4+ 33. Kc2 cxb3+ 34. Kxb3 Kd6 35. Kc2 Kc5 36. Kd3 f5 37. Ke3 Kb6 38. Kf4 Ka5 39. Kxf5 Kxa4 40. Ke5 Kb3 41. Kd4 Kc2 42. c4 dxc4 43. Kxc4 1/2-1/2

[Event "*** SCC Grand Prix: Titled Tuesday Blitz"]
[Site "Chess.com"]
[Date "2020.06.23"]
[Round "7"]
[White "DishonorOnYourCow"]
[Black "Raffaello123"]
[Result "1-0"]
[WhiteElo "2343"]
[BlackElo "2419"]
[TimeControl "180+1"]
[EndTime "11:16:38 PDT"]
[Termination "DishonorOnYourCow won by resignation"]

1. d4 Nf6 2. c4 c5 3. d5 e6 4. Nc3 exd5 5. cxd5 d6 6. Nf3 g6 7. Nd2 Bg7 8. e4 O-O 9. Be2 Na6 10. O-O Nc7 11.
Nf3 Bg4 12. a4 Bxf3 13. Bxf3 a6 14. Be2 Rb8 15. a5 b5 16. axb6 Rxb6 17. Qc2 Re8 18. h3 Qb8 19. Na4 Rb4 20. f3 Nb5 21.
Bf4 Nh5 22. Bh2 Nd4 23. Qd1 g5 24. Bxa6 f5 25. Nxc5 f4 26. Nd3 Qb6 27. Kh1 Ra8 28. Nxb4 Qxb4 29. Bd3 Rxa1 30. Qxa1 Be5 31. Qa8+ Kg7 32.
Rc1 Kh6 33. Qf8+ Bg7 34. Qc8 Qd2 35. Ba6 Ne2 36. Bxe2 Qxe2 37. Qc2 Qe3 38. Bg1 Ng3+ 39. Kh2 Qe2 40. Qxe2 Nxe2 41. Rc6 Be5 42. Bc5 Bxb2 43. Bxd6 Kh5 44. Bf8 g4 45. hxg4+ Kg5 46. Be7+ 1-0

[Event "*** SCC Grand Prix: Titled Tuesday Blitz"]
[Site "Chess.com"]
[Date "2020.06.23"]
[Round "7"]
[White "SHIVACalypso"]
[Black "Efremov_Vlad"]
[Result "1-0"]
[WhiteElo "2354"]
[BlackElo "2193"]
[TimeControl "180+1"]
[EndTime "11:16:38 PDT"]
[Termination "SHIVACalypso won by resignation"]

1. Nf3 d5 2. c4 e6 3. g3 Nf6 4. Bg2 dxc4 5. Qa4+ Bd7 6. Qxc4 c5 7. O-O Bc6 8. d3 Nbd7 9. a3 Be7 10. b4 b5 11. Qb3 O-O 12. Bb2 a5 13. bxc5 Nxc5 14.
Qc2 Rc8 15. Nbd2 Bb7 16. Rfc1 Na4 17. Qb1 Nxb2 18. Qxb2 Qb6 19. Nd4 Bxg2 20. Kxg2 Bc5 21. N2f3 b4 22. axb4 axb4 23. e3 Nd5 24. Rc4 Be7 25. Rac1 Rxc4 26. Rxc4 h6 27. Nc6 Bd6 28.
e4 Ne7 29. Nfd4 Nxc6 30. Nxc6 Ra8 31. d4 Bf8 32. d5 exd5 33. exd5 b3 34. Nd4 Qb5 35.
Nxb5 1-0

[Event "*** SCC Grand Prix: Titled Tuesday Blitz"]
[Site "Chess.com"]
[Date "2020.06.23"]
[Round "7"]
[White "Rodalquilar"]
[Black "djano"]
[Result "1-0"]
[WhiteElo "2642"]
[BlackElo "2461"]
[TimeControl "180+1"]
[EndTime "11:16:39 PDT"]
[Termination "Rodalquilar won by resignation"]

1. d4 Nf6 2. c4 c6 3. Nc3 d5 4. cxd5 cxd5 5. Bf4 e6 6. e3 Bd6 7. Bxd6 Qxd6 8. Bd3 O-O 9. f4 b6 10. Nf3 Ba6 11.
Ne5 Bxd3 12. Qxd3 a6 13. Rc1 Nfd7 14. O-O f6 15. Nxd7 Nxd7 16. f5 Rfe8 17. fxe6 Rxe6 18. Rf5 Nf8 19. Rxd5 Qe7 20. e4 b5 21. Rc5 Rd8 22. Nd5 Qf7 23. Rc7 Qg6 24. Ne7+ Rxe7 25. Rxe7 Qg5 26.
Rcc7 Qh4 27. Rxg7+ Kh8 28. Qg3 Qxg3 29. Rxg3 Ne6 30. Ra7 Nxd4 31. Rgg7 1-0

[Event "*** SCC Grand Prix: Titled Tuesday Blitz"]
[Site "Chess.com"]
[Date "2020.06.23"]
[Round "7"]
[White "Matibar"]
[Black "Andreikka"]
[Result "0-1"]
[WhiteElo "2817"]
[BlackElo "2945"]
[TimeControl "180+1"]
[EndTime "11:16:40 PDT"]
[Termination "Andreikka won by resignation"]

1. e4 d5 2. exd5 Qxd5 3. Nc3 Qa5 4. g3 c6 5. Bg2 Bf5 6. Nf3 e6 7. h3 h6 8. O-O Nf6 9. Re1 Be7 10. d3 Nbd7 11.
a3 Qd8 12. b4 O-O 13. Rb1 Rc8 14. Qe2 a5 15. b5 Nd5 16. Nxd5 cxd5 17. Nd4 Bg6 18.
Nxe6 fxe6 19. Qxe6+ Kh7 20. Be3 Rxc2 21. Qxd5 Nc5 22.
b6 Qxd5 23. Bxd5 Nxd3 24. Rf1 Rb8 25. Rb5 Bxa3 26. Rxa5 Bc5 27. Bxc5 Nxc5 28. Re1 Rf8 29.
f4 Rd8 30. Re5 Rc1+ 31. Kh2 Rxd5 32. Rxd5 Be4 0-1

[Event "*** SCC Grand Prix: Titled Tuesday Blitz"]
[Site "Chess.com"]
[Date "2020.06.23"]
[Round "7"]
[White "eightbyeightchess"]
[Black "davidkalashian"]
[Result "0-1"]
[WhiteElo "2407"]
[BlackElo "2636"]
[TimeControl "180+1"]
[EndTime "11:16:40 PDT"]
[Termination "davidkalashian won by resignation"]

1. e4 c6 2. d4 g6 3. Nc3 Bg7 4. Be3 d6 5. Qd2 Nd7 6. a4 Ngf6 7. h3 e5 8. Nf3 O-O 9. Be2 exd4 10. Nxd4 Re8 11. Bf3 Nc5 12. O-O Nfxe4 13. Nxe4 Nxe4 14. Qc1 d5 15. c3 Nd6 16. Bh6 Nf5 17. Nxf5 Bxf5 18. Bxg7 Kxg7 19. Qf4 Qb8 20. Qb4 Qc7 21.
Rfe1 a6 22. a5 Qd7 23. Qd4+ Kg8 24. b4 Rxe1+ 25. Rxe1 Re8 26. Re5 Rxe5 27. Qxe5 h5 28. Qb8+ Kg7 29. Qe5+ Kg8 30. Qb8+ Kg7 31. Qe5+ f6 32. Qd4 Qe7 33. Qe3 Qxe3 34. fxe3 h4 35. Kf2 g5 36. Be2 Kf7 37. Bf1 Ke7 38. g3 Kd6 39. gxh4 gxh4 40. Kf3 Ke5 41. c4 dxc4 42. Bxc4 Bxh3 43. Bd3 Bf5 44. e4 Be6 0-1

[Event "*** SCC Grand Prix: Titled Tuesday Blitz"]
[Site "Chess.com"]
[Date "2020.06.23"]
[Round "7"]
[White "elohunter1999"]
[Black "AllStarShark"]
[Result "0-1"]
[WhiteElo "2445"]
[BlackElo "2311"]
[TimeControl "180+1"]
[EndTime "11:16:40 PDT"]
[Termination "AllStarShark won by resignation"]

1. e4 c6 2. d4 d5 3. e5 Bf5 4. Nf3 e6 5. Be2 Nd7 6. O-O Ne7 7. Nbd2 h6 8. Nb3 Nc8 9. a4 Be7 10. a5 a6 11. c4 Na7 12. Bd2 O-O 13. cxd5 cxd5 14. h3 Rc8 15. Rc1 Rxc1 16. Bxc1 Qc7 17.
Bd3 Bxd3 18. Qxd3 Rc8 19. Bf4 Qc4 20. Qe3 Qc2 21. Nbd2 Bb4 22. h4 Bxa5 23. h5 Bd8 24. g4 Be7 25. Kh2 Qxb2 26. Rg1 Qc3 27. Qe2 Nb5 28.
g5 hxg5 29. Bxg5 Bxg5 30. Rxg5 Nxd4 31. Nxd4 Qxd4 32. Nf3 Qf4+ 33. Kh3 Rc3 34. Rg3 b5 35. Qb2 Rxf3 36. Qc2 Rxg3+ 37. fxg3 Qf5+ 0-1

[Event "*** SCC Grand Prix: Titled Tuesday Blitz"]
[Site "Chess.com"]
[Date "2020.06.23"]
[Round "7"]
[White "FairChess_on_YouTube"]
[Black "Chepaschess"]
[Result "1/2-1/2"]
[WhiteElo "2998"]
[BlackElo "2855"]
[TimeControl "180+1"]
[EndTime "11:16:41 PDT"]
[Termination "Game drawn by agreement"]

1. e4 c5 2. Nc3 Nc6 3. Nge2 e5 4. Nd5 g6 5. Nec3 a6 6. a4 Bg7 7. Bc4 Nge7 8. d3 d6 9. Bg5 h6 10. Bf6 O-O 11. O-O Bxf6 12. Nxf6+ Kg7 13. Nfd5 Nxd5 14. Nxd5 f5 15. f4 fxe4 16. dxe4 exf4 17. Rxf4 Be6 18. Rxf8 Qxf8 19. Qd2 Ne5 20. Rf1 Qd8 21. Qc3 Qg5 22. Nb6 Bxc4 23. Nxc4 Rf8 24. Rxf8 Kxf8 25. Nxe5 Qxe5 26.
Qxe5 dxe5 27. Kf2 b5 28. axb5 axb5 29. Ke3 Ke7 30. Kd3 Kd6 31. c4 b4 32. Ke3 Ke6 33.
b3 Kf6 34. h4 h5 35. Kf3 Ke6 36. g4 Kf6 37. gxh5 gxh5 38. Kg3 1/2-1/2

[Event "*** SCC Grand Prix: Titled Tuesday Blitz"]
[Site "Chess.com"]
[Date "2020.06.23"]
[Round "7"]
[White "Kildepiotr"]
[Black "mmmflatbread"]
[Result "0-1"]
[WhiteElo "2598"]
[BlackElo "2784"]
[TimeControl "180+1"]
[EndTime "11:16:41 PDT"]
[Termination "mmmflatbread won by resignation"]

1. Nf3 Nf6 2. g3 b5 3. Bg2 Bb7 4. O-O g6 5. d3 Bg7 6. e4 O-O 7. a4 a6 8. axb5 axb5 9. Rxa8 Bxa8 10. Na3 b4 11. Nc4 d6 12. Bd2 c5 13. Qe2 Nfd7 14. Ra1 Nc6 15. Ra2 Bb7 16. b3 Qc7 17. Qd1 Ra8 18. Qb1 Qd8 19. Ne1 Nd4 20. f4 Ne2+ 21.
Kf2 Nc3 22. Bxc3 Bxc3 23. Nf3 Qb8 24. Ng1 Bd4+ 25. Kf1 Ra7 26. Ne2 Bg7 27. Rxa7 Qxa7 28. Ne3 Nb8 29. g4 Nc6 30. Nd5 e6 31. Ne3 Qa6 32. Nc4 Na7 33. e5 dxe5 34. fxe5 Bxg2+ 35. Kxg2 Nc6 36. Qb2 Qb7 37. Kg1 Qc7 38. Qa1 Bxe5 39. Nxe5 Qxe5 40. Qxe5 Nxe5 41. h3 Nf3+ 42. Kf2 Nd4 43.
Nxd4 cxd4 44. Kf3 e5 45. Ke4 f6 46. Kd5 Kf7 47. Kc5 f5 48. gxf5 gxf5 49. Kxb4 f4 50. Kc5 f3 0-1

[Event "*** SCC Grand Prix: Titled Tuesday Blitz"]
[Site "Chess.com"]
[Date "2020.06.23"]
[Round "7"]
[White "tsvet2005"]
[Black "AttilaTurzo"]
[Result "1/2-1/2"]
[WhiteElo "2635"]
[BlackElo "2505"]
[TimeControl "180+1"]
[EndTime "11:16:41 PDT"]
[Termination "Game drawn by repetition"]

1. d4 Nf6 2. c4 g6 3. Nc3 d5 4. Nf3 Bg7 5. h4 O-O 6. cxd5 Nxd5 7.
h5 c5 8. hxg6 hxg6 9. Bh6 cxd4 10. Bxg7 Kxg7 11. Nxd5 Qxd5 12. Qd2 g5 13. Nxg5 Rh8 14.
Rxh8 Kxh8 15. Nf3 Nc6 16. Rd1 Be6 17. Nxd4 Nxd4 18. Qxd4+ Qxd4 19. Rxd4 Bxa2 20. Rd7 b5 21. Rxe7 a5 22. e4 b4 23. Bb5 a4 24. Kd2 a3 25.
bxa3 bxa3 26. Re8+ Rxe8 27. Bxe8 Bd5 28. Kc3 Bxe4 29.
Bxf7 Bxg2 30. Kb3 Kg7 31. Kxa3 Kxf7 32. f3 Kf6 33. Kb4 Ke5 34. Kc3 Kf4 35. Kb4 Bh3 36. Kc3 Bf5 37. Kb4 Be6 38. Kc3 Bf5 39. Kb4 Be6 40.
Kc3 Bf5 1/2-1/2

[Event "*** SCC Grand Prix: Titled Tuesday Blitz"]
[Site "Chess.com"]
[Date "2020.06.23"]
[Round "7"]
[White "Grandmaster2B"]
[Black "AGW2016"]
[Result "1-0"]
[WhiteElo "2417"]
[BlackElo "2233"]
[TimeControl "180+1"]
[EndTime "11:16:41 PDT"]
[Termination "Grandmaster2B won by resignation"]

1. e4 c5 2. Nf3 d6 3. d4 cxd4 4. Nxd4 Nf6 5. Nc3 Nc6 6. f3 e6 7.
Be3 Be7 8. Qd2 d5 9. exd5 exd5 10. Be2 O-O 11. O-O Re8 12. Rfe1 Bc5 13. Bf2 Bb6 14. Bb5 Rxe1+ 15. Rxe1 Bd7 16. Bf1 Rc8 17. Nce2 Qe7 18. Nf4 Qc5 19. c3 Qa5 20. b4 Qa3 21. Nb5 Qa4 22.
Nxd5 Bxf2+ 23. Kxf2 Nxd5 24. Qxd5 Be6 25. Rxe6 Qc2+ 26. Re2 Qg6 27. Qe4 Qf6 28. Qe8+ 1-0

[Event "*** SCC Grand Prix: Titled Tuesday Blitz"]
[Site "Chess.com"]
[Date "2020.06.23"]
[Round "7"]
[White "chess94cu"]
[Black "OnePeculiarConundrum"]
[Result "1-0"]
[WhiteElo "2555"]
[BlackElo "2312"]
[TimeControl "180+1"]
[EndTime "11:16:42 PDT"]
[Termination "chess94cu won by resignation"]

1. e4 c5 2. Nf3 d6 3. d4 cxd4 4. Nxd4 Nf6 5. Nc3 a6 6. Be2 e6 7. O-O Be7 8. a4 Nc6 9. Be3 O-O 10. f4 Qc7 11. Kh1 Nxd4 12. Qxd4 e5 13. Qd2 Be6 14.
f5 Bc4 15. Bg5 Bxe2 16. Qxe2 Rac8 17. Rac1 Qc4 18. Qf3 Rfd8 19. Bxf6 Bxf6 20. Nd5 Qxa4 21. Nb6 Qb5 22. Nxc8 Rxc8 23. b3 h6 24. Rfd1 Bg5 25. c4 Qb4 26. Rc3 b5 27. Qd3 bxc4 28. Rxc4 Rxc4 29. Qxc4 Qa3 30. g3 Be3 31. f6 gxf6 32. Rf1 Kg7 33. Qd3 Qc5 34. Qxa6 Qd4 35. Qc6 Qd3 36. Qc4 Qxc4 37. bxc4 Kg6 38. Kg2 Bc5 39. h3 Kg5 40. h4+ Kg6 41. g4 h5 42. gxh5+ Kxh5 43. Rxf6 Kxh4 44. Kf3 Kg5 45. Rxf7 Kg6 46. Rf5 Kg7 47.
Ke2 Kg6 48. Kd3 Kg7 49. Kc2 Kg6 50. Kb3 Kg7 51. Ka4 Kg6 52. Kb5 Kg7 53. Kc6 Bb4 54. Kd7 Kg6 55. Ke6 Kg7 56. Rf7+ Kg6 57. Rd7 Kg5 58.
Rxd6 Kf4 59. Rd5 Kxe4 60. c5 Ba5 61. c6 Kf4 62. Rxa5 1-0

[Event "*** SCC Grand Prix: Titled Tuesday Blitz"]
[Site "Chess.com"]
[Date "2020.06.23"]
[Round "7"]
[White "Msb2"]
[Black "keshka01"]
[Result "1-0"]
[WhiteElo "2850"]
[BlackElo "2581"]
[TimeControl "180+1"]
[EndTime "11:16:44 PDT"]
[Termination "Msb2 won by resignation"]

1. d4 d6 2. Nf3 Nf6 3. c4 g6 4.
Nc3 Bf5 5. d5 Bg7 6. Nd4 Bd7 7. e4 O-O 8. Be2 e6 9. O-O exd5 10.
exd5 Na6 11. Bf3 Re8 12. Bf4 Nc5 13. Qc2 Nfe4 14. Nxe4 Nxe4 15. Rad1 Qf6 16. Be3 Bf5 17. Nxf5 Qxf5 18. Rfe1 Re7 19. Re2 Rae8 20. Rde1 Nf6 21. Qxf5 gxf5 22. Bxa7 Rxe2 23. Rxe2 Ra8 24. Bd4 Rxa2 25. g3 Kf8 26. Kg2 Ra8 27. b3 Re8 28.
Ra2 Nd7 29. Be3 Nc5 30. b4 Ne4 31. Ra7 Rb8 32. c5 Bc3 33. c6 bxc6 34. dxc6 Rc8 35.
b5 Ke7 36. b6 Kd8 37. b7 1-0

[Event "*** SCC Grand Prix: Titled Tuesday Blitz"]
[Site "Chess.com"]
[Date "2020.06.23"]
[Round "7"]
[White "SilviusTiberius"]
[Black "floplover"]
[Result "1-0"]
[WhiteElo "2406"]
[BlackElo "2224"]
[TimeControl "180+1"]
[EndTime "11:16:44 PDT"]
[Termination "SilviusTiberius won by resignation"]

1. e4 c6 2. d4 d5 3. Nd2 dxe4 4.
Nxe4 Bf5 5. Ng3 Bg6 6. h4 h6 7.
Nf3 Nd7 8. h5 Bh7 9. Bd3 Bxd3 10. Qxd3 e6 11. Bf4 Qa5+ 12. Bd2 Bb4 13. c3 Be7 14. c4 Qc7 15. Ne4 Ngf6 16. O-O-O b5 17. c5 Nd5 18. Kb1 a5 19. g4 b4 20. g5 hxg5 21.
Bxg5 N7f6 22. Bxf6 gxf6 23. h6 f5 24. Nd6+ Bxd6 25.
cxd6 Qxd6 26. Ne5 Ke7 27. Rc1 Rhc8 28. h7 c5 29. Qg3 f4 30. Qg7 Rf8 31. h8=Q 1-0

[Event "*** SCC Grand Prix: Titled Tuesday Blitz"]
[Site "Chess.com"]
[Date "2020.06.23"]
[Round "7"]
[White "QueenOfTactics90"]
[Black "JiiHart"]
[Result "1-0"]
[WhiteElo "1955"]
[BlackElo "2155"]
[TimeControl "180+1"]
[EndTime "11:16:44 PDT"]
[Termination "QueenOfTactics90 won by checkmate"]

1. e4 c5 2. Nf3 Nc6 3. d4 cxd4 4. Nxd4 Nf6 5. f3 g6 6. c4 Bg7 7. Be3 O-O 8. Nc3 d6 9. Be2 Bd7 10. O-O a6 11. Rc1 Rb8 12. g4 Nxd4 13. Bxd4 Bc6 14.
Be3 b5 15. cxb5 axb5 16. b4 e6 17. Qd2 Qd7 18. Rfd1 Rfd8 19. h4 d5 20. e5 Ne8 21. f4 f6 22. Bd4 fxe5 23. fxe5 Nc7 24. Rf1 Rf8 25. Rxf8+ Bxf8 26. Nd1 Rc8 27. Ne3 Bb7 28.
g5 Na6 29. a3 Rxc1+ 30. Qxc1 Qc6 31. Qd2 Nc7 32. Ng4 Be7 33. Nf6+ Bxf6 34. exf6 Kf7 35.
Bc5 Ne8 36. Qf4 e5 37. Qxe5 d4 38. Qe7+ Kg8 39. Qf8# 1-0

[Event "*** SCC Grand Prix: Titled Tuesday Blitz"]
[Site "Chess.com"]
[Date "2020.06.23"]
[Round "7"]
[White "Th3_Hound"]
[Black "Omk124"]
[Result "1-0"]
[WhiteElo "2539"]
[BlackElo "2380"]
[TimeControl "180+1"]
[EndTime "11:16:45 PDT"]
[Termination "Th3_Hound won by resignation"]

1. e4 c5 2. Nf3 d5 3. exd5 Qxd5 4. Nc3 Qd8 5. g3 Nf6 6. Bg2 e6 7. O-O Bd6 8. Re1 a6 9. d4 O-O 10. Bg5 Nbd7 11. a4 h6 12. dxc5 Bxc5 13. Be3 Qc7 14. Qe2 Bxe3 15. Qxe3 Nb6 16. a5 Nbd5 17. Nxd5 Nxd5 18. Qb3 Bd7 19. c4 Nf6 20. Ne5 Rab8 21. Qb6 Rfc8 22. Rad1 Be8 23. b4 Nd7 24. Nxd7 Bxd7 25.
c5 Bc6 26. Qxc7 Rxc7 27. Rd6 Kf8 28. Red1 Ke7 29. Bf1 Rd7 30. Rxd7+ Bxd7 31. Rd6 Bc6 32. Bxa6 bxa6 33. Rxc6 Rxb4 34. Rxa6 Rc4 35. c6 Kd6 36. Ra7 f5 37. Rd7+ Kxc6 38. Rxg7 Ra4 39. Kg2 Rxa5 40.
Rg6 h5 41. Rxe6+ Kd5 42. Rh6 Ke5 43. Rxh5 Ra4 44. Rh3 Rb4 45. Rh5 Rg4 46. h3 Rb4 47. g4 1-0

[Event "*** SCC Grand Prix: Titled Tuesday Blitz"]
[Site "Chess.com"]
[Date "2020.06.23"]
[Round "7"]
[White "SiddharthGMJagadeesh"]
[Black "PredragNikac"]
[Result "0-1"]
[WhiteElo "2430"]
[BlackElo "2234"]
[TimeControl "180+1"]
[EndTime "11:16:47 PDT"]
[Termination "PredragNikac won by resignation"]

1. e4 d5 2. exd5 Nf6 3. Nf3 Qxd5 4. d4 Bg4 5. Be2 Nc6 6. c4 Qh5 7. h3 O-O-O 8. O-O e5 9. d5 e4 10. hxg4 Nxg4 11. Bf4 exf3 12. Bxf3 f5 13. dxc6 Rxd1 14. cxb7+ Kb8 15. Rxd1 Bd6 16. Rxd6 Re8 17. Rd1 g5 18. Bxc7+ Kxc7 19. Bxg4 Qxg4 20. Nc3 Kxb7 21. Rd7+ Kc6 22.
Rad1 Re1+ 23. Rxe1 Kxd7 24. Rd1+ Kc6 25. b3 h5 26. Rd3 f4 27. Nd5 Qe2 28. f3 a5 29.
Rd4 Qe1+ 30. Kh2 Qg3+ 31. Kh1 h4 32. Nf6 h3 33. Rd6+ Kc7 34. Rd7+ Kc8 35. gxh3 Qxf3+ 36. Kh2 Qg3+ 37. Kh1 f3 38. Rd2 Qe1+ 0-1

[Event "*** SCC Grand Prix: Titled Tuesday Blitz"]
[Site "Chess.com"]
[Date "2020.06.23"]
[Round "7"]
[White "winniethepooh04"]
[Black "HunterBRR"]
[Result "1-0"]
[WhiteElo "1856"]
[BlackElo "2082"]
[TimeControl "180+1"]
[EndTime "11:16:47 PDT"]
[Termination "winniethepooh04 won by resignation"]

1. e4 c5 2. Nf3 Nc6 3. d4 cxd4 4. Nxd4 Nf6 5. Nc3 e5 6. Ndb5 d6 7. Bg5 a6 8. Na3 b5 9. Nd5 Be7 10. Bxf6 Bxf6 11. c4 Bg5 12. cxb5 Nd4 13. bxa6 O-O 14.
Bd3 Bxa6 15. O-O Qb8 16. Bxa6 Rxa6 17. Nc4 Rc8 18. f4 Bxf4 19. Ne7+ Kf8 20. Nxc8 Qxc8 21.
Rxf4 Qxc4 22. Rf1 Rb6 23. b3 Qb5 24. Qh5 Qd7 25. Qxh7 Rc6 26. Qh8+ Ke7 27. Qxg7 Qe6 28. Qg5+ Ke8 29. Rf6 Ne2+ 30. Kh1 Qd7 31. Qg8+ 1-0

[Event "*** SCC Grand Prix: Titled Tuesday Blitz"]
[Site "Chess.com"]
[Date "2020.06.23"]
[Round "7"]
[White "IMHansNiemann"]
[Black "swisspower96"]
[Result "1-0"]
[WhiteElo "2959"]
[BlackElo "2623"]
[TimeControl "180+1"]
[EndTime "11:16:48 PDT"]
[Termination "IMHansNiemann won by resignation"]

1. d4 Nf6 2. Nc3 e6 3. e4 d5 4. e5 Nfd7 5. f4 c5 6. Nf3 a6 7. Be3 Nc6 8. Qd2 Be7 9. Be2 b5 10. Nd1 cxd4 11. Nxd4 Bb7 12. c3 Nc5 13. Nf2 O-O 14.
O-O Qc7 15. Nxc6 Bxc6 16. Bd4 Rfd8 17. Qe3 Ne4 18. Nxe4 dxe4 19. f5 exf5 20. Rxf5 Qc8 21. Raf1 Rf8 22. Qg3 Qe6 23. Bg4 Qg6 24. h4 Bd7 25. e6 fxe6 26. h5 Qh6 27. Be3 exf5 28. Bxh6 fxg4 29. Rxf8+ Rxf8 30. Qe5 Bf6 31. Qd5+ Rf7 32.
Be3 g3 33. Bc5 h6 34. Qa8+ Kh7 35. Qxe4+ Kg8 36. Bd6 Bg5 37. Bxg3 Bf5 38. Qd5 Bd7 39. Bd6 Be8 40. Qa8 Be3+ 41. Kh2 1-0

[Event "*** SCC Grand Prix: Titled Tuesday Blitz"]
[Site "Chess.com"]
[Date "2020.06.23"]
[Round "7"]
[White "Isajevsky_Anton"]
[Black "GMTalks_Youtube"]
[Result "0-1"]
[WhiteElo "2515"]
[BlackElo "2677"]
[TimeControl "180+1"]
[EndTime "11:16:48 PDT"]
[Termination "GMTalks_Youtube won by resignation"]

1. c4 e5 2. g3 Bc5 3. Bg2 Nc6 4. Nc3 a6 5. d3 d6 6. Nf3 Ba7 7. e3 Nge7 8. b3 O-O 9. O-O Rb8 10. Bb2 b5 11. Rc1 Bg4 12. h3 Bd7 13. Kh2 h6 14. a3 f5 15. b4 f4 16. e4 Nd4 17.
Nd5 Nxf3+ 18. Bxf3 Nxd5 19. exd5 Qg5 20. Qe2 Rbc8 21.
c5 Rce8 22. Be4 Bb8 23. g4 f3 24. Qe3 Qh4 25. c6 Bxg4 0-1

[Event "*** SCC Grand Prix: Titled Tuesday Blitz"]
[Site "Chess.com"]
[Date "2020.06.23"]
[Round "7"]
[White "KingChess345"]
[Black "baby_leo"]
[Result "1-0"]
[WhiteElo "2175"]
[BlackElo "1958"]
[TimeControl "180+1"]
[EndTime "11:16:48 PDT"]
[Termination "KingChess345 won on time"]

1. d4 Nf6 2. Nf3 e6 3. g3 d5 4. Bg2 Be7 5. O-O O-O 6. c4 dxc4 7. Qc2 a6 8. Qxc4 b5 9. Qc2 Bb7 10. Bf4 Bd6 11. Nbd2 Nc6 12. Nb3 Bxf4 13. gxf4 Nb4 14.
Qd2 Nbd5 15. Na5 Bc8 16. Ne5 c5 17. dxc5 Qc7 18. Rac1 Rd8 19. Rfd1 Bd7 20. e3 Rac8 21.
Qe1 Be8 22. b4 Nd7 23. Nec6 Nb8 24. Nxd8 Rxd8 25. a3 Nc6 26. Nxc6 Bxc6 27. Rd4 Rc8 28. Rcd1 h6 29. Qd2 Kh7 30. Be4+ Kg8 31. Qc2 f5 32. Bg2 Qf7 33. Kh1 Qg6 34. Rg1 Qh5 35. Qd1 Qh4 36. Qe2 Nc3 37. Qd3 Ne4 38. Bxe4 Bxe4+ 39. Rxe4 fxe4 40. Qxe4 1-0

[Event "*** SCC Grand Prix: Titled Tuesday Blitz"]
[Site "Chess.com"]
[Date "2020.06.23"]
[Round "7"]
[White "GregShahade"]
[Black "Gajuchess"]
[Result "0-1"]
[WhiteElo "2574"]
[BlackElo "2762"]
[TimeControl "180+1"]
[EndTime "11:16:50 PDT"]
[Termination "Gajuchess won on time"]

1. e4 c5 2. Nf3 e6 3. d4 cxd4 4. Nxd4 a6 5. Nc3 Qc7 6. Bd3 Nf6 7. O-O d6 8. a4 Be7 9. Re1 b6 10. Qf3 Bb7 11. Qg3 g6 12. Bh6 Nbd7 13. Rad1 Ne5 14. Bf1 Nfg4 15. Bf4 g5 16. Bc1 h5 17. f3 h4 18. Qh3 Nh6 19. Nb1 Ng6 20. Rd3 Bf6 21.
Nxe6 fxe6 22. Qxe6+ Qe7 23. Qb3 Ne5 24. Rdd1 Nd7 25.
Nc3 Nc5 26. Qxb6 Be5 27. Nd5 Bxd5 28. exd5 O-O 29. Qb4 Qf6 30. Qc4 a5 31. b3 Rae8 32. Rd2 g4 33. fxg4 Bd4+ 34. Rxd4 Qf2+ 35. Kh1 Rxe1 36.
Bxh6 Rxf1+ 0-1

[Event "*** SCC Grand Prix: Titled Tuesday Blitz"]
[Site "Chess.com"]
[Date "2020.06.23"]
[Round "7"]
[White "ShimanovAlex"]
[Black "ValentinDragnev"]
[Result "1-0"]
[WhiteElo "2871"]
[BlackElo "2739"]
[TimeControl "180+1"]
[EndTime "11:16:52 PDT"]
[Termination "ShimanovAlex won by resignation"]

1. d4 Nf6 2. Bf4 e6 3. e3 b6 4. Qf3 d5 5. Nc3 Bd6 6. O-O-O a6 7. Nge2 Bb7 8. g4 b5 9. g5 Ne4 10. Nxe4 dxe4 11. Qg3 Nc6 12. Bg2 Ne7 13. Nc3 Nf5 14. Qg4 Bxf4 15. Qxf4 O-O 16. Bxe4 Bxe4 17. Nxe4 b4 18. Rhg1 a5 19. h4 a4 20. h5 b3 21.
cxb3 axb3 22. a3 Ra5 23. h6 g6 24. Nf6+ Kh8 25. d5 exd5 26. Qe5 Qe7 27. Qxe7 Nxe7 28.
e4 dxe4 29. Rd7 Rc5+ 30. Kb1 Ng8 31. Nxe4 Re5 32. f3 f6 33. Rxc7 Rf5 34. Nd6 fxg5 35.
Nxf5 Rxf5 36. Rc8 Rxf3 37. Kc1 Rh3 38. Rd1 g4 39. Rdd8 Rxh6 1-0

[Event "*** SCC Grand Prix: Titled Tuesday Blitz"]
[Site "Chess.com"]
[Date "2020.06.23"]
[Round "7"]
[White "BigAl"]
[Black "goldaxe"]
[Result "1-0"]
[WhiteElo "2467"]
[BlackElo "2303"]
[TimeControl "180+1"]
[EndTime "11:16:53 PDT"]
[Termination "BigAl won on time"]

1. Nf3 Nf6 2. g3 g6 3. Bg2 Bg7 4. O-O O-O 5. d3 c5 6. e4 Nc6 7. Re1 d6 8. h3 Rb8 9. c3 b5 10. d4 b4 11. dxc5 dxc5 12. Bf4 Qxd1 13. Rxd1 Rb6 14.
Nbd2 bxc3 15. bxc3 Ba6 16. Be3 Nd7 17. Nb3 Rd8 18.
Nxc5 Nxc5 19. Bxc5 Rbb8 20. Nd4 Nxd4 21. cxd4 Rd7 22. e5 e6 23. Rab1 Rxb1 24. Rxb1 h5 25.
f4 Bc4 26. a3 Kh7 27. Kf2 Bh6 28. h4 a6 29. Ke3 Bb5 30. Be4 Kg8 31. Bd3 Bxd3 32.
Kxd3 Rd8 33. Rb6 1-0

[Event "*** SCC Grand Prix: Titled Tuesday Blitz"]
[Site "Chess.com"]
[Date "2020.06.23"]
[Round "7"]
[White "Yoshikrov"]
[Black "crazy_but_lazy"]
[Result "0-1"]
[WhiteElo "2021"]
[BlackElo "2323"]
[TimeControl "180+1"]
[EndTime "11:16:54 PDT"]
[Termination "crazy_but_lazy won on time"]

1. e4 e6 2. d4 d5 3. Nd2 c5 4.
exd5 exd5 5. Ngf3 Nc6 6. Bb5 Qe7+ 7. Qe2 Qxe2+ 8. Kxe2 cxd4 9. Nxd4 Bd7 10. Nxc6 bxc6 11.
Bd3 Bd6 12. Re1 Ne7 13. Kf1 O-O 14. Nf3 Nf5 15. c3 Rab8 16. Rb1 f6 17. Bd2 Kf7 18. h3 Rfd8 19. b3 c5 20. Rbd1 g6 21. Bc2 Bc7 22.
Bc1 Be6 23. Ba3 Rb5 24. Bd3 Ra5 25. Bc1 Rxa2 26. Bb5 Ba5 27. Rd3 d4 28. b4 c4 29.
Rxe6 cxd3 30. Bc4 Ra1 31. Ra6+ Ke7 32. Rxa7+ Rd7 33. Rxa5 Rxc1+ 34. Ne1 d2 0-1